 Dungeon Crawl Stone Soup version 0.31-a0-675-g238779eb0a (webtiles) character file.

Game seed: 8902467444190436547

9 Essalna the Conjurer (level 2, 19/19 HPs)
             Began as a Demonspawn Conjurer on Sept 5, 2023.
             Got out of the dungeon alive.
             The game lasted 00:00:59 (520 turns).

Essalna the Conjurer (Demonspawn Conjurer)           Turns: 520, Time: 00:00:59

Health: 19/19      AC:  3    Str:  7    XL:     2   Next: 3%
Magic:  5/5        EV: 12    Int: 19    God:
Gold:   37         SH:  0    Dex: 11    Spells: 4/5 levels left

rFire   . . .        f - +0 mace
rCold   . . .        (no shield)
rNeg    . . .        a - +0 robe
rPois   .            (no helmet)
rElec   .            (no cloak)
rCorr   .            (no gloves)
SInv    .            d - +0 pair of boots
Will    .....        (no amulet)
Stlth   ++           (no ring)
HPRegen 0.23/turn    (no ring)
MPRegen 0.09/turn

%: no passive effects
@: no status effects
A: demonic touch 1
a: no special abilities


You escaped.
You visited 1 branch of the dungeon, and saw 1 of its levels.

You collected 37 gold pieces.

Inventory:

Hand Weapons
 f - a +0 mace (weapon)
Armour
 a - a +0 robe (worn)
 d - a +0 pair of boots (worn)
Scrolls
 c - a scroll of enchant armour {unknown}
 e - a scroll of blinking {unknown}
Potions
 b - a potion of magic


   Skills:
 - Level 1.7 Dodging
 - Level 1.7 Stealth
 + Level 2.3 Spellcasting
 + Level 4.2 Conjurations


You had 4 spell levels left.
You knew the following spells:

 Your Spells              Type           Power      Damage    Failure   Level
a - Magic Dart            Conj           72%        1d6       2%          1

Your spell library contained the following spells:

 Spells                   Type           Power      Damage    Failure   Level
 Searing Ray              Conj           36%        2d5       4%          2
 Dazzling Flash           Conj/Hex       20%        N/A       21%         3
 Fulminant Prism          Conj/Hex       5%         3d7       56%         4
 Iskenderun's Mystic Bla  Conj/Tloc      10%        2d4       56%         4


Dungeon Overview and Level Annotations

Branches:
Dungeon (1/15)

Altars:


Innate Abilities, Weirdness & Mutations

Your touch may inflict minor irresistible damage on your foes.


Message History

You see here a maw talisman.
Key pressed, stopping explore.
Found a stone staircase leading down.
A giant cockroach comes into view.
A giant cockroach is nearby!
The magic dart hits the giant cockroach.
The giant cockroach is moderately wounded.
A rat comes into view.
You miscast Magic Dart.
You are very lightly contaminated with residual magic.
Nothing appears to happen.
The magic dart hits the giant cockroach.
You kill the giant cockroach!
You have reached level 2!
Your demonic ancestry asserts itself...
Your hands begin to faintly glow with unholy energy.
You closely miss the rat. The rat barely misses you.
You barely miss the rat. The rat barely misses you. The rat bites you.
You closely miss the rat. Your touch misses the rat. The rat bites you.
You hit the rat.
You kill the rat!
Your magical contamination has completely faded away.
No target in view!
No target in view!
Press: ? - help, v - describe, . - travel The floor.
Press: ? - help, v - describe, . - travel The floor.
Press: ? - help, v - describe, . - travel The floor.
Unknown command.
Unknown command.
Unknown command.
Press: ? - help, v - describe, . - travel The floor.
Unknown command.
You see here a maw talisman.
You see here 3 stones.
There is a staircase leading out of the dungeon here.
You have escaped!

#..# #.# #..#
#..###.### #..#
#..##....# #..#
#..##....# #..#
#..##....####..#
#..##..........#
###..............#
..#........####..#
. #.#.(##.@..#
#..# #
#.#..##....# #..#
.
#.#..####.#####..#
####....#
#........#
#....#..#
#..####..#
#.##.#..# #..#
#..#
######.##.#..#
##..####..#
........รท.#..#
#.....##..#
######.####..#
#.........#


There were no monsters in sight!

Vanquished Creatures
  A ball python (D:1)
  A giant cockroach (D:1)
  A goblin (D:1)
  2 jackals (D:1)
  3 rats (D:1)
8 creatures vanquished.

Notes
Turn   | Place    | Note
-------+----------+-------------------------------------------
     0 | D:1      | Essalna the Demonspawn Conjurer began the quest for the
                  | Orb.
     0 | D:1      | Reached XP level 1. HP: 13/13 MP: 3/3
   469 | D:1      | Gained mutation: Your touch may inflict minor irresistible
                  | damage on your foes. [demonic ancestry]
   469 | D:1      | Reached XP level 2. HP: 19/19 MP: 0/5
   520 | D:$      | Got out of the dungeon alive.

Illustrated notes

Levels and vault maps discovered:
D:1:      dpeg_arrival_boxes_within_box, layout_loops_ring

Action                     || total
---------------------------++-------
  Melee: Unarmed           ||     8
         Mace              ||     4
   Cast: Magic Dart        ||    14
 Armour: Robe              ||    11
  Dodge: Dodged            ||    13

Table legend: (Time is in decaauts)
 A = Elapsed time spent in this place.
 B = Non-inter-level travel time spent in this place.
 C = Inter-level travel time spent in this place.
 D = Time resting spent in this place.
 E = Time spent auto-exploring this place.
 F = Levels seen in this place.
 G = Mean time per level.
                   A        B        C        D        E       F      G
               +--------+--------+--------+--------+--------+-----+--------+
         Total |    521 |    475 |     46 |      0 |    379 |   1 |  521.0 |
       Dungeon |    521 |    475 |     46 |      0 |    379 |   1 |  521.0 |
               +--------+--------+--------+--------+--------+-----+--------+

Top non-repeatable levels by time:
     D:1: 521 daAuts
